 Dungeon Crawl Stone Soup version 0.31-a0-700-gf13585253f (webtiles) character file.

Game seed: 3763167666873562667

84 qw the Shooter (level 4, -1/28 HPs)
             Began as a Gargoyle Hunter on Sept 7, 2023.
             Killed by divine providence
             ... invoked by an orc priest
              (10 damage)
             ... on level 4 of the Dungeon.
             The game lasted 00:00:42 (1942 turns).

qw the Shooter (Gargoyle Hunter)                    Turns: 1942, Time: 00:00:43

Health: -1/28      AC: 14    Str: 21    XL:     4   Next: 46%
Magic:  4/4        EV: 11    Int:  9    God:
Gold:   119        SH:  0    Dex: 15    Spells: 3/3 levels left

rFire   . . .        Y - +1 shortbow
rCold   . . .        (shield currently unavailable)
rNeg    + . .        q - +0 ring mail
rPois   inf          p - +0 helmet
rElec   +            (no cloak)
rCorr   .            (no gloves)
SInv    .            h - +0 pair of boots
Will    .....        (no amulet)
Stlth   +            i - +6 ring of strength
HPRegen 0.24/turn    k - +4 ring of protection
MPRegen 0.09/turn

%: no passive effects
@: no status effects
A: sickness immunity, AC +3, negative energy resistance 1, electricity
resistance, torment resistance 1, petrification resistance
a: no special abilities


You were on level 4 of the Dungeon.
You visited 1 branch of the dungeon, and saw 4 of its levels.

You collected 119 gold pieces.


Innate Abilities, Weirdness & Mutations

You are immune to sickness and miasma.
Your stone body is resilient. (AC +3)
You are immune to poison.
You resist negative energy. (rN+)
You are resistant to electric shocks. (rElec)
You are resistant to unholy torment.
You are immune to petrification.


   Skills:
 - Level 3.0 Fighting
 + Level 5.3 Ranged Weapons
 - Level 1.0 Armour
 - Level 1.5 Dodging
 - Level 1.1 Stealth


You had 3 spell levels left.
You didn't know any spells.
Your spell library was empty.

Inventory:

Hand Weapons
 Y - a +1 shortbow (weapon)
Armour
 h - a +0 pair of boots (worn)
 p - a +0 helmet (worn)
 q - a +0 ring mail (worn)
Jewellery
 i - a +6 ring of strength (left hand)
 k - a +4 ring of protection (right hand)
Scrolls
 e - a scroll of teleportation
 j - a scroll of identify
Potions
 a - a potion of haste
 b - a potion of heal wounds
 d - a potion of brilliance {unknown}
 f - a potion of curing
 l - a potion of cancellation {unknown}
 m - a potion of invisibility {unknown}
 n - a potion of ambrosia {unknown}
 r - a potion of might {unknown}

Dungeon Overview and Level Annotations

Branches:
Dungeon (4/15)
 Temple: D:4-7

Altars:
Gozag
Makhleb
Sif Muna


Message History

You kill the orc!
You hear a shout!
The orc priest closely misses you.
You shoot an arrow.
The arrow closely misses the orc priest.
The arrow hits the orc but does no damage.
The orc priest hits you with a +0 whip.
You shoot an arrow.
The arrow closely misses the orc priest.
The arrow closely misses the orc.
You hear a shout!
The orc priest hits you but does no damage.
You hear a shout! x2
You shoot an arrow.
The arrow hits the orc priest but does no damage.
The orc priest is heavily wounded.
The orc priest mumbles some strange prayers to Beogh against you.
Beogh smites you!
You hear a shout!
You shoot an arrow.
The arrow hits the orc priest but does no damage.
The orc priest is heavily wounded.
The orc priest hits you but does no damage.
The orc priest misses you.
You shoot an arrow.
The arrow hits the orc priest but does no damage.
The orc priest is heavily wounded.
The orc priest hits you with a +0 whip.
A hobgoblin comes into view.
You shoot an arrow.
The arrow closely misses the orc priest.
The arrow hits the orc but does no damage.
The orc priest hits you with a +0 whip.
You shoot an arrow.
The arrow hits the orc priest but does no damage.
The orc priest is heavily wounded.
You hear a shout!
The orc priest invokes the aid of Beogh against you.
Beogh smites you!
You die...

.. # #.######
. ....... .#
#....##.
#...... ...:
.>.####.####
.......oo@.#
..#####)##.#
....)....#.# #
#.######...#.#
#.#<..#
#.#..##
.......
##.#...##
..#....


You could see an orc priest and an orc.

Vanquished Creatures
  2 adders
  2 dart slugs
  4 orcs (D:4)
  6 endoplasms
  2 giant cockroaches (D:1)
  3 goblins (D:1)
  4 hobgoblins
  4 jackals (D:3)
  3 quokkas (D:1)
  7 ball pythons
  3 bats (D:3)
  2 frilled lizards
  4 kobolds
  6 rats
52 creatures vanquished.

Notes
Turn   | Place    | Note
-------+----------+-------------------------------------------
     0 | D:1      | qw the Gargoyle Hunter began the quest for the Orb.
     0 | D:1      | Reached XP level 1. HP: 12/12 MP: 1/1
     0 | D:1      | 0 ||| qw: Version: 0.3-a-76-g4403597
     0 | D:1      | 0 ||| qw: Game counter: 617
     0 | D:1      | 0 ||| qw: Melee chars always use a shield: true
     0 | D:1      | 0 ||| qw: God list: Okawaru
     0 | D:1      | 0 ||| qw: Allow faded altars: false
     0 | D:1      | 0 ||| qw: Do Orc after clearing Dungeon:15 true
     0 | D:1      | 0 ||| qw: Do second Lair branch before Depths: true
     0 | D:1      | 0 ||| qw: Lair rune preference: random
     0 | D:1      | 0 ||| qw: Goals: Normal
     0 | D:1      | 0 ||| PLANNING D:1-11
   144 | D:1      | Reached XP level 2. HP: 17/17 MP: 2/2
   771 | D:1      | 771 ||| UPGRADING to +0 pair of boots.
   776 | D:1      | 776 ||| UPGRADING to +6 ring of strength.
   777 | D:1      | 777 ||| UPGRADING to +4 ring of protection.
   778 | D:1      | 778 ||| READING scroll labelled SIEROJ KUARYATTO.
   779 | D:1      | 779 ||| READING 2 scrolls labelled XUIDEFERYL.
   783 | D:1      | 783 ||| READING 2 scrolls labelled REUSYI POGOAB.
   784 | D:1      | 784 ||| READING 3 scrolls labelled WAURAY ASYKHIO.
   785 | D:1      | 785 ||| READING 2 scrolls of identify.
   785 | D:1      | 785 ||| IDENTIFYING grey potion
   786 | D:1      | 786 ||| DROPPING scroll of butterflies.
   787 | D:1      | 787 ||| DROPPING scroll of poison.
   808 | D:2      | Reached XP level 3. HP: 21/21 MP: 3/3
   819 | D:2      | Reached skill level 5 in Ranged Weapons
  1086 | D:2      | Found a burning altar of Makhleb.
  1201 | D:2      | 1201 ||| READING scroll labelled COK YSYCUCH.
  1202 | D:2      | 1202 ||| READING 2 scrolls of identify.
  1202 | D:2      | 1202 ||| IDENTIFYING purple potion
  1221 | D:3      | Found an opulent altar of Gozag.
  1318 | D:3      | 1318 ||| STAIRDANCE
  1417 | D:3      | 1417 ||| STAIRDANCE
  1511 | D:2      | 1511 ||| READING 2 scrolls of identify.
  1511 | D:2      | 1511 ||| IDENTIFYING bubbling grey potion
  1564 | D:3      | Reached skill level 3 in Fighting
  1644 | D:3      | Reached XP level 4. HP: 22/28 MP: 4/4
  1771 | D:3      | Found a shimmering blue altar of Sif Muna.
  1869 | D:3      | 1869 ||| UPGRADING to +0 helmet.
  1874 | D:3      | 1874 ||| UPGRADING to +0 ring mail.
  1884 | D:3      | 1884 ||| DROPPING +0 leather armour.
  1885 | D:3      | 1885 ||| READING scroll labelled XAHINI QEELO.
  1886 | D:3      | 1886 ||| READING scroll labelled RIPARA JAOHEEH.
  1919 | D:4      | Reached skill level 1 in Armour
  1930 | D:4      | 1930 ||| Stepping ~*~*~tactically~*~*~ (retreating).
  1931 | D:4      | 1931 ||| Stepping ~*~*~tactically~*~*~ (retreating).
  1942 | D:4      | Killed from afar by an orc priest

Levels and vault maps discovered:
D:1:      dpeg_arrival_castle, layout_loops_cross, minmay_quantized
D:2:      layout_basic, basic_altar
D:3:      layout_loops_cross, nicolae_overflow_hidden_temple,
          overflow_temple_1_default, kennysheep_generic_room_4
D:4:      layout_basic, grunt_qazlal_sundering, uniq_blork_the_orc, uniq_natasha

Skill      XL: |  1  2  3  4 |
---------------+-------------+-----
Ranged Weapons | 5 |  5.3
Fighting       | 3 |  3.0
Armour         | 1 |  1.0
Dodging        | |  1.5
Stealth        | |  1.1

Action                     |  1- 3 |  4- 6 || total
---------------------------+-------+-------++-------
   Fire: Shortbow          |   115 |    32 ||   147
    Use: Scroll            |     8 |     2 ||    10
 Armour: Leather armour    |    33 |       ||    33
         Ring mail         |       |    14 ||    14
  Dodge: Dodged            |    31 |    12 ||    43

Table legend:
 A = Non-vault XP
 B = Vault XP
 C = Vault XP percentage of total XP
 D = Non-vault monster count
 E = Vault monster count
 F = Vault count percentage of total count
                 A         B        C        D         E       F
            +---------+---------+-------+---------+---------+-------
      Total |     104 |      17 |  14.0 |      48 |       4 |   7.7
            +---------+---------+-------+---------+---------+-------
        D:1 |      28 |       3 |   9.7 |      16 |       3 |  15.8
        D:2 |      18 |       0 |   0.0 |      10 |       0 |   0.0
        D:3 |      32 |      14 |  30.4 |      17 |       1 |   5.6
        D:4 |      26 |       0 |   0.0 |       5 |       0 |   0.0
            +---------+---------+-------+---------+---------+-------
